AoeStats
← červene malborky

MegaRandom

510788860Analyzed
2v2 RM · 13h ago on Oct 2, 2026· 55m 6s· 4 players
Game mode
Random Map
Map size
Medium (4 player)
Population
200
Speed
Normal
Resources
Standard
Victory
Conquest
Starting age
Dark Age
Ending age
Imperial Age
RankedLock teamsTeams togetherTeam positionsShared explorationLock speedFull tech treeHidden civsTurbo modeCheats
Victory
Defeat
🇸🇰 Maya · Slovakia
856
+12
🇸🇰 Lithuanians · Slovakia
718
+17
🇪🇸 Britons · Spain
770
-15
🇪🇸 Teutons · Spain
751
-14
ElVilKelowna
9:56 Loom
14:17 Feudal Age
15:25 Horse Collar
15:34 Double-Bit Axe
19:58 Bloodlines
24:47 Castle Age
24:28 Gold Mining
24:29 Stone Mining
25:32 Heavy Plow
26:51 Wheelbarrow
28:00 Scale Barding Armor
29:18 Bow Saw
30:09 Fortified Wall
33:36 Masonry
33:48 Hand Cart
37:55 Imperial Age
39:27 Crop Rotation
40:03 Two-Man Saw
39:16 Forging
39:27 Chain Barding Armor
41:00 Conscription
41:15 Hoardings
41:24 Hoardings
42:29 Coinage
43:21 Pikeman
44:02 Squires
45:34 Chemistry
44:41 Siege Engineers
45:51 Arson
51:23 Crenellations
51:41 Caravan
Alquimista_Latino
9:05 Loom
11:57 Feudal Age
13:45 Double-Bit Axe
19:00 Castle Age
19:02 Wheelbarrow
25:05 Fletching
26:58 Ballistics
29:10 Horse Collar
32:03 Bow Saw
35:21 Bodkin Arrow
35:39 Forging
35:30 Scale Mail Armor
37:57 Scale Barding Armor
37:53 Padded Archer Armor
38:29 Iron Casting
38:59 Heavy Plow
42:48 Imperial Age
39:48 Pikeman
41:00 Masonry
41:24 Chain Mail Armor
42:04 Fortified Wall
43:49 Bracer
44:36 Architecture
44:03 Murder Holes
44:39 Light Cavalry
45:19 Husbandry
49:12 Hoardings
červene malborky
0:43 Loom
12:08 Feudal Age
12:36 Horse Collar
12:45 Double-Bit Axe
17:46 Man-at-Arms
28:56 Castle Age
28:21 Scale Barding Armor
28:17 Scale Mail Armor
28:27 Forging
30:12 Husbandry
30:25 Bloodlines
34:15 Masonry
36:43 Bow Saw
37:14 Heavy Plow
39:41 Long Swordsman
40:26 Squires
40:18 Arson
40:38 Caravan
43:46 Pikeman
45:32 Chain Barding Armor
45:34 Chain Mail Armor
55:14 Fortified Wall
*.
0:57 Loom
12:32 Feudal Age
13:14 Double-Bit Axe
15:21 Gold Mining
15:22 Stone Mining
20:09 Wheelbarrow
20:34 Scale Mail Armor
25:27 Castle Age
23:37 Horse Collar
25:46 Forging
26:59 Chain Mail Armor
29:09 Stone Shaft Mining
28:47 Heavy Plow
29:24 Eagle Warrior
30:07 Squires
30:21 Arson
33:15 Iron Casting
33:34 Fletching
33:45 Padded Archer Armor
35:35 Fortified Wall
39:36 Imperial Age
37:31 Bow Saw
39:09 Bodkin Arrow
39:30 Leather Archer Armor
40:14 Hand Cart
41:34 Ring Archer Armor
41:05 Bracer
40:29 Elite Eagle Warrior
41:54 Conscription
42:26 Ballistics
42:39 Plate Mail Armor
43:10 Blast Furnace
42:51 Holcans
45:19 Elite Plumed Archer
53:15 Chemistry
55:00 Guard Tower
Connection lost

Rejoining the realm…

Still unreachable

The connection could not be restored.

Session expired

The server has moved on; the page needs a fresh start.